Map: Ulrena

Players

Rendorian - Winner!

  • Race: Zerg Zerg
  • League: Master

Fullmetal

  • Race: Terran Terran
  • League: Grandmaster

VOD

Have the link to the VOD?

Description

Time

  • Played on: Nov. 18, 2015, 1:49 a.m.
  • Length: 4:35
Show
View Real Time Build Order
Export as new Build Order

Rendorian Zerg - Winner!

Build Orders: Hatch First, Zergling Baneling 

Get SALT Encoding   

  12  0:00  Drone  
  13  0:12  Overlord  
  13  0:19  Drone  
  14  0:31  Drone x2  
  14  0:34  Drone  
  17  0:46  Drone  
  18  0:58  Hatchery  
  18  0:59  Drone  
  18  1:13  Spawning Pool  
  18  1:15  Extractor  
  18  1:17  Drone  
  17  1:21  Drone  
  18  1:29  Drone  
  19  1:43  Overlord  
  19  1:49  Drone  
  20  2:00  Queen  
  22  2:02  Zergling x2  
  23  2:09  Zergling x2  
  23  2:10  Queen  
  23  2:14  Metabolic Boost  
  26  2:16  Zergling x2  
  26  2:20  Extractor  
  26  2:25  Drone  
  26  2:26  Drone  
  29  2:39  Drone  
  29  2:40  Drone  
  29  2:42  Drone  
  32  2:46  Queen  
  34  2:51  Baneling Nest  
  34  2:53  Drone  
  34  3:02  Overlord  
  34  3:04  Overlord  
  34  3:07  Drone x2  
  36  3:24  Zergling x2  
  36  3:25  Zergling x12  
  43  3:35  Zergling x4  
  43  3:39  Zergling x6  
  46  3:50  Zergling x10  
  49  4:04  Zergling x4  
  50  4:10  Zergling x2  
  50  4:17  Baneling x11  
Show
View Real Time Build Order
Export as new Build Order

Fullmetal Terran 

Build Orders: Reaper Expand 

Get SALT Encoding   

  12  0:01  SCV  
  13  0:13  SCV  
  14  0:18  Supply Depot  
  14  0:25  SCV  
  15  0:39  SCV  
  15  0:41  Barracks  
  16  0:46  Refinery  
  16  0:51  SCV  
  17  1:04  SCV  
  18  1:16  SCV  
  19  1:28  Orbital Command  
  19  1:30  Reaper  
  20  1:44  Command Center  
  21  1:54  SCV  
  21  2:01  Supply Depot  
  21  2:06  SCV  
  21  2:07  Barracks Reactor  
  22  2:18  SCV  
  23  2:27  Factory  
  23  2:30  SCV, Refinery  
  24  2:42  SCV  
  25  2:44  Marine x2  
  27  2:56  Orbital Command  
  27  3:00  SCV  
  28  3:12  Starport  
  28  3:14  SCV  
  28  3:18  Barracks Reactor  
  29  3:22  Hellion x2  
  29  3:23  SCV  
  29  3:26  SCV  
  35  3:29  Supply Depot  
  35  3:35  SCV  
  35  3:38  SCV  
  37  3:43  Hellion  
  37  3:44  Hellion  
  39  3:51  SCV x2  
  41  3:56  Refinery  
  35  4:12  SCV  
  35  4:13  Hellion x2  
  35  4:15  SCV  
  37  4:17  Command Center  
Tags
 
Add a new tag
Caveats
  • Supply blocks, unpowered buildings, or Contaminate may cause inaccurate times.
  • Supply counts are checked every 10 seconds.